 Dungeon Crawl Stone Soup version 0.28.0 (webtiles) character file.

Game seed: 6594249621918277831

207 Ajdolov the Digger (level 5, 0/31 HPs)
             Began as an Octopode Earth Elementalist on Feb 12, 2022.
             Slain by an orc priest (1 damage)
             ... on level 4 of the Dungeon.
             The game lasted 00:04:00 (3036 turns).

Ajdolov the Digger (Octopode Earth Elementalist)    Turns: 3036, Time: 00:04:01

Health: 0/31       AC:  3    Str:  7    XL:     5   Next: 85%
Magic:  5/8        EV: 13    Int: 20    God:
Gold:   147        SH:  0    Dex: 18    Spells: 4/8 levels left

rFire   . . .      SeeInvis .   j - +2 dagger (elec)
rCold   . . .      Faith    .   (no shield)
rNeg    . . .      Spirit   .   l - +2 hat
rPois   .          Reflect  .   (no amulet)
rElec   .          Harm     .   g - +6 ring of dexterity
rCorr   .          Rampage  .   (no ring)
Will    .....                   (no ring)
Stlth   +++.......              (no ring)
HPRegen 0.10/turn               (no ring)
MPRegen 0.11/turn               (no ring)
                                (no ring)
                                (no ring)

@: no status effects
A: almost no armour, amphibious, 8 rings, camouflage 1, gelatinous body 1,
(nimble swimmer 1), tentacles
a: no special abilities


You were on level 4 of the Dungeon.
You visited 1 branch of the dungeon, and saw 4 of its levels.

You collected 147 gold pieces.

Inventory:

Hand Weapons
 j - a +2 dagger of electrocution (weapon)
Missiles
 b - 65 stones
 n - a throwing net
Armour
 l - a +2 hat (worn)
Magical Staves
 m - a staff of air
Jewellery
 g - a +6 ring of dexterity (left tentacle)
Scrolls
 a - a scroll of blinking {unknown}
 c - a scroll of silence {unknown}
 d - 4 scrolls of magic mapping {unknown}
 e - a scroll of immolation {unknown}
 f - a scroll of amnesia {unknown}
 h - a scroll of identify {unknown}
 k - 3 scrolls of fear {unknown}
Potions
 i - a potion of invisibility {unknown}


   Skills:
 - Level 2.0 Dodging
 - Level 2.6 Stealth
 - Level 2.0 Spellcasting
 * Level 3.1 Conjurations
 - Level 1.0 Transmutations
 * Level 5.3 Earth Magic


You had 4 spell levels left.
You knew the following spells:

 Your Spells              Type           Power      Damage    Failure   Level
a - Sandblast             Erth           46%        2d11      1%          1
b - Stone Arrow           Conj/Erth      36%        3d9       9%          3

Your spell library contained the following spells:

 Spells                   Type           Power      Damage    Failure   Level
 Passwall                 Tmut/Erth      11%        N/A       6%          2
 Petrify                  Tmut/Erth      14%        N/A       38%         4


Dungeon Overview and Level Annotations

Branches:
Dungeon (4/15)
 Temple: D:4-7

Altars:
Zin

Shops:
D:2 (


Innate Abilities, Weirdness & Mutations

You cannot wear most types of armour.
You are amphibious.
You can wear up to eight rings at the same time.
Your skin changes colour to match your surroundings (Stealth+).
Your rubbery body absorbs attacks. (AC +1, EV +1)
((You are camouflaged when in or above water. (Stealth+)))
You have tentacles for arms and can constrict up to eight enemies at once.


Message History

An orc priest comes into view. It is wielding a +0 short sword.
The dart slug launches a dart at you. The slug dart hits you.
The orc priest mumbles some strange prayers to Beogh against you.
Pain shoots through your body!
You hit the dart slug.
Lightning courses through the dart slug!
You kill the dart slug!
Aiming: Sandblast (safe; 1% risk of failure)
Press: ? - help, Q - select action, (/) - cycle Shift-Dir - straight line, f - orc priest
Aim: an orc priest, wielding a +0 short sword and wearing a +0 chain mail (86% to hit)
The blast of sand hits the orc priest but does no damage.
Unknown command.
Aiming: Sandblast (safe; 1% risk of failure)
Press: ? - help, Q - select action, (/) - cycle Shift-Dir - straight line, f/p - orc priest
Aim: an orc priest, wielding a +0 short sword and wearing a +0 chain mail (86% to hit)
The blast of sand hits the orc priest.
The orc priest is moderately wounded.
The orc priest closely misses you.
You closely miss the orc priest. You grab the orc priest.
You squeeze the orc priest, but do no damage.
The orc priest is moderately wounded.
You constrict the orc priest, but do no damage.
The orc priest mumbles some strange prayers to Beogh against you.
Pain shoots through your body!
* * * LOW HITPOINT WARNING * * *
You hit the orc priest but do no damage.
Your squeeze misses the orc priest.
The orc priest is moderately wounded.
You constrict the orc priest. The orc priest misses you.
You hit the orc priest but do no damage.
The orc priest is moderately wounded.
You constrict the orc priest, but do no damage.
The orc priest hits you with a +0 short sword.
* * * LOW HITPOINT WARNING * * *
You hit the orc priest.
The orc priest is moderately wounded.
You constrict the orc priest, but do no damage.
The orc priest hits you with a +0 short sword.
You die...

##.###.##....!...###.
#.#.....##....<.... ..
.......##........##..
............##...... #.
#....#.#.##....#.
#####.##...##†........#.
......)....#...)##......
.......o......##........
#.....@......#...#.....
#.<............####....
..........###.#.####..##
.#.........#....#.......
#.............###...#..
#.........##.......###.
##........###.#.#.## .
#.......####..##.####.
....#............


You could see an orc priest.

Vanquished Creatures
  A hound (D:3)
  2 orc wizards
  4 gnolls (D:3)
  An adder (D:2)
  2 worms
  4 dart slugs
  5 orcs
  5 ball pythons
  6 endoplasms
  2 giant cockroaches
  6 goblins
  3 hobgoblins
  2 quokkas (D:2)
  6 bats
  A frilled lizard (D:3)
  5 kobolds
  A quokka skeleton (D:4)
  8 rats
64 creatures vanquished.

Vanquished Creatures (others)
  8 plants (D:1)
8 creatures vanquished.

Grand Total: 72 creatures vanquished

Notes
Turn   | Place    | Note
-------+----------+-------------------------------------------
     0 | D:1      | Ajdolov the Octopode Earth Elementalist began the quest for
                  | the Orb.
     0 | D:1      | Reached XP level 1. HP: 11/11 MP: 3/3
   148 | D:1      | Reached XP level 2. HP: 11/17 MP: 3/5
   856 | D:1      | Reached skill level 4 in Earth Magic
  1050 | D:2      | Found Hiydaete's Weapon Shop.
  1074 | D:2      | Reached XP level 3. HP: 21/21 MP: 6/6
  1078 | D:2      | Learned a level 3 spell: Stone Arrow
  1394 | D:2      | Found a glowing silver altar of Zin.
  1670 | D:2      | Reached skill level 1 in Conjurations
  2281 | D:3      | Reached XP level 4. HP: 19/27 MP: 4/7
  2651 | D:3      | Reached XP level 5. HP: 31/31 MP: 3/8
  2882 | D:4      | Reached skill level 5 in Earth Magic
  3035 | D:4      | HP: 1/31 [orc priest (2)]
  3036 | D:4      | Slain by an orc priest

Illustrated notes

Levels and vault maps discovered:
D:1:      roderic_crop_circles_arrival_small, layout_loops_ring
D:2:      layout_basic, basic_altar, serial_shops, nicolae_diamond_shop
D:3:      layout_rooms
D:4:      layout_cave_pools, minmay_ruined_shrine

Skill      XL: |  1  2  3  4  5 |
---------------+----------------+-----
Earth Magic    | 4 5 |  5.3
Conjurations   | 1 2 3 |  3.1
Dodging        | |  2.0
Stealth        | |  2.6
Spellcasting   | |  2.0
Transmutations | |  1.0

Action                   |  1- 3 |  4- 6 || total
-------------------------+-------+-------++-------
Melee: Unarmed           |    17 |       ||    17
       Constrict         |    14 |    11 ||    25
       Tentacles         |     9 |     8 ||    17
       Punch             |     1 |       ||     1
       Dagger            |    51 |    33 ||    84
 Cast: Sandblast         |    13 |    15 ||    28
 Stab: Sleeping          |    14 |       ||    14
Armor: Skin              |     7 |    12 ||    19
Dodge: Dodged            |    31 |    16 ||    47
